 Dungeon Crawl Stone Soup version 0.22.1-2-g9c5b331 (webtiles) character file.

23 MalarOregon the Chiller (level 2, -2/20 HPs)
             Began as a Merfolk Ice Elementalist on Nov 18, 2018.
             Killed from afar by an orc wizard (5 damage)
             ... with a magic dart
             ... on level 2 of the Dungeon.
             The game lasted 00:02:20 (788 turns).

MalarOregon the Chiller (Merfolk Ice Elementalist)   Turns: 788, Time: 00:02:22

Health: -2/20      AC:  2    Str:  8    XL:     2   Next: 95%
Magic:  1/5        EV: 13    Int: 14    God:
Gold:   23         SH:  0    Dex: 14    Spells: 2/5 levels left

rFire    . . .     SeeInvis .   i - +0 spear
rCold    . . .     Gourm    .   (no shield)
rNeg     . . .     Faith    .   a - +0 robe
rPois    .         Spirit   .   (no helmet)
rElec    .         Reflect  .   (no cloak)
rCorr    .         Harm     .   (no gloves)
MR       .....                  (no boots)
Stlth    +.........             (no amulet)
HPRegen  0.06/turn              (no ring)
MPRegen  0.09/turn              (no ring)

@: confused, very slightly contaminated
A: change form in water, swift swim, stealthy swim
a: no special abilities


You were on level 2 of the Dungeon.
You were not hungry.

You visited 1 branch of the dungeon, and saw 2 of its levels.

You collected 23 gold pieces.

Inventory:

Hand Weapons
 i - a +0 spear (weapon)
   (You found it on level 1 of the Dungeon)
Missiles
 k - 14 poisoned needles
Armour
 a - a +0 robe (worn)
Scrolls
 b - 3 scrolls of enchant armour {unknown}
 d - a scroll of fear {unknown}
 f - 2 scrolls of remove curse {unknown}
 g - a scroll of magic mapping {unknown}
 h - a scroll of fog {unknown}
 m - a scroll of teleportation {unknown}
Potions
 j - 2 potions of mutation {unknown}
 l - a potion of lignification {unknown}
 n - a potion of curing {unknown}
Comestibles
 c - a chunk of flesh
 e - a ration {!d}


   Skills:
 + Level 0.8 Fighting
 * Level 1.5 Polearms
 + Level 3.1 Dodging
 - Level 2.1 Stealth
 + Level 2.2 Spellcasting
 + Level 0.9 Conjurations
 + Level 3.5 Ice Magic


You had 2 spell levels left.
You knew the following spells:

 Your Spells              Type           Power        Failure   Level  Hunger
a - Freeze                Ice            ##..         5%          1    #......
x - Throw Frost           Conj/Ice       #.....       14%         2    ###....

Your spell library contained the following spells:

 Spells                   Type           Power        Failure   Level  Hunger
 Ozocubu's Armour         Chrm/Ice       #.......     34%         3    ###....
 Throw Icicle             Conj/Ice       #.......     67%         4    #####..
 Summon Ice Beast         Ice/Summ       #.......     75%         4    #####..


Dungeon Overview and Level Annotations

Branches:
Dungeon (2/15)

Altars:
Vehumet


Message History

an uncursed dagger; an uncursed hunting sling; 17 stones; a goblin skeleton You now have 11 gold pieces (gained 6).
Found a radiant altar of Vehumet.
Found a hand axe.
You now have 23 gold pieces (gained 12).
You see here a hand axe.
An orc comes into view. It is wielding a club.
An orc is nearby!
An orc is nearby!
The orc shouts!
An orc wizard comes into view. It is wielding a dagger.
An orc comes into view.
The orc shouts!
You hit the orc. The orc hits you with a club.
You closely miss the orc.
You can't see any susceptible monsters within range! (Use Z to cast anyway.) Attack whom?
Aim: an orc, wielding a club (moderately wounded)
You reach to attack!
You hit the orc.
The orc wizard gestures wildly while chanting.
The orc wizard flickers and vanishes!
Deactivating autopickup; reactivate with Ctrl-A.
Aim: an orc, wielding a club (severely wounded)
Okay, then.
You barely miss the orc.
You can't see any susceptible monsters within range! (Use Z to cast anyway.)
You miscast Freeze.
You are very lightly contaminated with residual magic.
You hear a crackling sound.
You freeze something. Something hits you.
You freeze something. Something hits you.
* * * LOW HITPOINT WARNING * * *
You hit something but do no damage. The orc hits you.
* * * LOW HITPOINT WARNING * * *
You hear some strange, mumbled words.
You are confused.
Unknown command.
You miss something. The orc misses you. Something hits you.
* * * LOW HITPOINT WARNING * * *
You're too confused to move!
The orc barely misses you. Something hits you.
* * * LOW HITPOINT WARNING * * *
The orc hits you.
* * * LOW HITPOINT WARNING * * *
A magic dart appears from out of thin air!
The magic dart hits you!
You die...

## ##......# #.#.##.##
#.####..# #.# ##.##
#.#####..###
#).........#
#...#...#..#
####..###.###.#
#########.@....#...# .#
.......o.o#......_....#
#####..##......#...#..#
..... ......###.###..
...##..###.....#...# ..
#. #.. ........ .. #
#.# #.##....## .. ..
##### ##


You could see 2 orcs.

Vanquished Creatures
  An ooze (D:1)
  A dart slug (D:2)
  A giant cockroach (D:1)
  A hobgoblin (D:1)
  2 kobolds (D:1)
  A bat (D:1)
  2 frilled lizards (D:1)
  5 goblins
  3 rats
17 creatures vanquished.

Notes
Turn   | Place    | Note
-------+----------+-------------------------------------------
     0 | D:1      | MalarOregon the Merfolk Ice Elementalist began the quest
                  | for the Orb.
     0 | D:1      | Reached XP level 1. HP: 13/13 MP: 3/3
   206 | D:1      | Reached XP level 2. HP: 20/20 MP: 1/5
   322 | D:1      | Learned a level 2 spell: Throw Frost
   462 | D:1      | Reached skill level 1 in Polearms
   758 | D:2      | Found a radiant altar of Vehumet.
   788 | D:2      | Killed from afar by an orc wizard

Skill      XL: |  1  2 |
---------------+-------+-----
Dodging        | 3 |  3.1
Polearms       | 1 |  1.5
Fighting       | |  0.8
Stealth        | |  2.1
Spellcasting   | |  2.2
Conjurations   | |  0.9
Ice Magic      | |  3.5

Action                   || total
-------------------------++-------
Melee: Dagger            ||     8
       Spear             ||    31
       Unarmed           ||     1
 Cast: Freeze            ||    17
 Stab: Sleeping          ||     4
Armor: Robe              ||     2
Dodge: Dodged            ||    31
